 Dungeon Crawl Stone Soup version 0.30-a0-782-ge64f9170bb (console) character file.

Game seed: 10438409275395813331

26 utis the Sneak (level 3, 20/20 HPs)
             Began as a Tengu Wanderer on Feb 25, 2023.
             Quit the game on level 2 of the Dungeon.
             The game lasted 00:03:24 (1008 turns).

utis the Sneak (Tengu Wanderer)                     Turns: 1008, Time: 00:03:25

Health: 20/20      AC:  8    Str:  9    XL:     3   Next: 8%
Magic:  5/5        EV:  4    Int: 12    God:
Gold:   60         SH:  0    Dex: 18    Spells: 3/4 levels left

rFire   . . .      SeeInvis .    a - +0 dagger
rCold   . . .      Faith    .    (no shield)
rNeg    . . .      Spirit   .    h - +0 chain mail
rPois   .          Reflect  .    d - +0 hat
rElec   .          Harm     .    (no cloak)
rCorr   .          Rampage  .    (no gloves)
Will    .....                    (boots unavailable) Stlth
                                 (no amulet)
HPRegen 0.23/turn                (no ring)
MPRegen 0.09/turn                (no ring)

@: no status effects
A: beak, talons 3
a: no special abilities


You were on level 2 of the Dungeon.
You visited 1 branch of the dungeon, and saw 2 of its levels.

You collected 60 gold pieces.

Inventory:

Hand Weapons
 a - a +0 dagger (weapon)
Missiles
 b - an atropa-tipped dart (quivered)
 c - 2 datura-tipped darts
Armour
 d - a +0 hat (worn)
 f - a +0 robe
 h - a +0 chain mail (worn)
Scrolls
 e - a scroll of blinking
 g - 2 scrolls of torment {unknown}
 j - a scroll of teleportation {unknown}
Potions
 i - 2 potions of magic {unknown}


   Skills:
 + Level 1.1 Fighting
 + Level 1.7 Dodging
 - Level 5.0 Stealth
 - Level 1.0 Spellcasting
 + Level 1.5 Conjurations
 + Level 2.7 Necromancy
 - Level 1.0 Evocations


You had 3 spell levels left.
You knew the following spells:

 Your Spells              Type           Power      Damage    Failure   Level
Y - Kiss of Death         Conj/Necr      20%        2d7       100%        1

Your spell library contained the following spells:

 Spells                   Type           Power      Damage    Failure   Level
 Blink                    Tloc           0%         N/A       100%        2
 Lesser Beckoning         Tloc           0%         N/A       100%        2
 Momentum Strike          Conj/Tloc      4%         3d8       100%        2
 Vampiric Draining        Necr           7%         2d6       100%        3


Dungeon Overview and Level Annotations

Branches:
Dungeon (2/15)

Altars:

Shops:
D:1 [


Innate Abilities, Weirdness & Mutations

You have a beak for a mouth.
You have claws for feet.


Message History

The hobgoblin hits you.
You barely miss the hobgoblin. Your kick misses the hobgoblin.
The hobgoblin is severely wounded.
The hobgoblin barely misses you.
You hit the hobgoblin.
The hobgoblin is almost dead.
The hobgoblin hits you but does no damage.
You hit the hobgoblin.
You kill the hobgoblin!
You start resting.
HP restored.
Found 6 stones.
You see here 6 stones.
You see here a +0 dagger.
Done exploring.
Done exploring.
Done exploring.
(D) Dungeon
Where to? (? - help)
There is a stone staircase leading down here.
You climb downwards.
Found a book of Spatial Translocations, 10 gold pieces and a leather armour.
There is a stone staircase leading up here.
Found a sling.
You pick up a book of Spatial Translocations and begin reading...
You add the spells Blink, Momentum Strike and Lesser Beckoning to your library.
Okay, then.
Unknown command.
You now have 60 gold pieces (gained 10).
You see here a +0 leather armour.
You see here a +0 sling.
A frilled lizard comes into view.
The frilled lizard hisses angrily.
A frilled lizard is nearby!
Found 11 gold pieces.
Found a stone staircase leading down.
You hit the frilled lizard.
You kill the frilled lizard!
You see here a frilled lizard corpse.
Are you sure you want to abandon this character and quit the game? (Confirm with "yes".)

░..░░░░░░░░░░
░░░░░░░░░░..░
░..........<░
░.░░░░░░░░.░░ ░.
░[░ ░. ░░.░░ ░ ..
░.░)░ ░░░.░ ░.
░░░░░░.░░░░..€.░
░.
..........†Q....░
░.
░░░░░░░.░░.......░
░..........░
░░░░.......░
░░░>..░░░ .....
░..... ░░░░░


There were no monsters in sight!

Vanquished Creatures
  A dart slug (D:1)
  2 ball pythons (D:1)
  2 endoplasms (D:1)
  4 goblins (D:1)
  A hobgoblin (D:1)
  2 jackals (D:1)
  2 quokkas (D:1)
  2 bats (D:1)
  A frilled lizard (D:2)
  A kobold (D:1)
  6 rats (D:1)
24 creatures vanquished.

Notes
Turn   | Place    | Note
-------+----------+-------------------------------------------
     0 | D:1      | utis the Tengu Wanderer began the quest for the Orb.
     0 | D:1      | utis set off with the following items: a +0 dagger, an
                  | atropa-tipped dart, 2 datura-tipped darts, a +0 hat, a
                  | scroll of blinking, a +0 robe; and the following spell
                  | memorised: Kiss of Death; and the following spells
                  | available to memorise: Vampiric Draining.
     0 | D:1      | Reached XP level 1. HP: 10/10 MP: 3/3
   114 | D:1      | Found Waboejoc's Antique Armour Shop.
   231 | D:1      | Reached XP level 2. HP: 12/16 MP: 4/4
   257 | D:1      | Reached skill level 1 in Conjurations
   584 | D:1      | Reached skill level 1 in Fighting
   597 | D:1      | Reached XP level 3. HP: 14/20 MP: 5/5
  1008 | D:2      | Quit the game

Illustrated notes

Levels and vault maps discovered:
D:1:      sevenhm_arrival_forest_fort_large_2, layout_basic, serial_shops,
          nicolae_shop_statue_plus
D:2:      layout_loops_ring, hellmonk_ecumenical_altar_run_dry,
          amcnicky_mini_pool_small, uniq_jessica, uniq_crazy_yiuf_cottage

Skill      XL: |  1  2 |
---------------+-------+-----
Conjurations   | 1 |  1.5
Fighting       | 1 |  1.1
Dodging        | |  1.7
Stealth        | |  5.0
Spellcasting   | |  1.0
Necromancy     | |  2.7
Evocations     | |  1.0

Action                     || total
---------------------------++-------
  Melee: Dagger            ||    75
         Kick              ||    22
         Peck              ||     9
         Punch             ||     1
 Armour: Chain mail        ||    42
  Dodge: Dodged            ||    14

Table legend: (Time is in decaauts)
 A = Elapsed time spent in this place.
 B = Non-inter-level travel time spent in this place.
 C = Inter-level travel time spent in this place.
 D = Time resting spent in this place.
 E = Time spent auto-exploring this place.
 F = Levels seen in this place.
 G = Mean time per level.
                   A        B        C        D        E       F      G
               +--------+--------+--------+--------+--------+-----+--------+
         Total |   1007 |    960 |     47 |     62 |    593 |   2 |  503.5 |
       Dungeon |   1007 |    960 |     47 |     62 |    593 |   2 |  503.5 |
               +--------+--------+--------+--------+--------+-----+--------+

Top non-repeatable levels by time:
     D:1: 964 daAuts
     D:2: 43 daAuts
